 Dungeon Crawl Stone Soup version 0.24.0-125-gc4c63601f3 (webtiles) character file.

Game seed: 8376984668261969200, levelgen mode: deterministic

47 Mesmaeker13 the Digger (level 3, -1/21 HPs)
             Began as an Octopode Earth Elementalist on Feb 16, 2020.
             Slain by a gnoll
             ... wielding a +0 flail
              (12 damage)
             ... on level 2 of the Dungeon.
             The game lasted 00:01:13 (1347 turns).

Mesmaeker13 the Digger (OpEE)                       Turns: 1347, Time: 00:01:13

Health: -1/21      AC:  1    Str:  7    XL:     3   Next: 70%
Magic:  4/7        EV: 14    Int: 18    God:
Gold:   67         SH:  0    Dex: 12    Spells: 6/7 levels left

rFire    . . .     SeeInvis .   a - +0 short sword
rCold    . . .     Gourm    .   (no shield)
rNeg     . . .     Faith    .   (helmet restricted)
rPois    .         Spirit   .   (no amulet)
rElec    .         Reflect  .   (no ring)
rCorr    .         Harm     .   (no ring)
MR       .....                  (no ring)
Stlth    +++.......             (no ring)
HPRegen  0.07/turn              (no ring)
MPRegen  0.10/turn              (no ring)
                                (no ring)
                                (no ring)

@: no status effects
A: almost no armour, stealthy swim, amphibious, 8 rings, constrict 8, camouflage
1, gelatinous body 1
a: no special abilities


You were on level 2 of the Dungeon.
You were not hungry.

You visited 1 branch of the dungeon, and saw 2 of its levels.

You collected 67 gold pieces.

Inventory:

Hand Weapons
 a - a +0 short sword (weapon)
Missiles
 b - 66 stones (quivered)
Jewellery
 h - an uncursed amulet of guardian spirit {unknown}
Scrolls
 d - a scroll of identify {unknown}
 e - 2 scrolls of remove curse {unknown}
 f - a scroll of enchant armour {unknown}
Potions
 g - a potion of flight {unknown}
Comestibles
 c - 3 rations


   Skills:
 + Level 2.7 Dodging
 - Level 2.6 Stealth
 + Level 2.6 Spellcasting
   Level 1.0 Transmutations
 + Level 3.5 Earth Magic


You had 6 spell levels left.
You knew the following spells:

 Your Spells              Type           Power        Failure   Level  Hunger
a - Sandblast             Erth           ###...       4%          1    #......

Your spell library contained the following spells:

 Spells                   Type           Power        Failure   Level  Hunger
 Passwall                 Tmut/Erth      ##......     10%         2    ##.....
 Stone Arrow              Conj/Erth      #.....       24%         3    ###....
 Petrify                  Tmut/Erth      ##......     54%         4    #####..
 Lee's Rapid Deconstruct  Erth           ###.......   73%         5    ######.


Dungeon Overview and Level Annotations

Branches:
Dungeon (2/15)

Altars:


Innate Abilities, Weirdness & Mutations

You cannot wear most types of armour.
You are very stealthy in the water. (Stealth+)
You are amphibious.
You can wear up to eight rings at the same time.
You can use your tentacles to constrict eight enemies at once.
Your skin changes colour to match your surroundings (Stealth+).
Your rubbery body absorbs attacks. (AC +1, EV +1)


Message History

Confirm with . or Enter, or press ? or * to list all spells.
Aiming: Sandblast (safe; 4% risk of failure)
Press: ? - help, Shift-Dir - straight line, f/p - gnoll
Aim: a gnoll, wielding a +0 spear (severely wounded)
The blast of sand hits the gnoll!
You kill the gnoll!
b - 67 stones
Casting: Sandblast (safe; 4% risk of failure)
Confirm with . or Enter, or press ? or * to list all spells.
Aiming: Sandblast (safe; 4% risk of failure)
Press: ? - help, Shift-Dir - straight line, f - gnoll
Aim: a gnoll, wielding a +0 flail The blast of sand misses the gnoll.
b - 66 stones The gnoll barely misses you.
There is a stone staircase leading down here.
Found a scroll labeled IPOIWE JYMISU.
The gnoll hits you with a +0 flail!
Ouch! That really hurt!
You die...

.<.....................#
#.........####.##.#...#
......................#
...................##....
.####.####.#<....#.##. .
#.# #............. #.#
#.#.....######
#.####.#....##
#..g@....#.##
#..###.###.# #..# ### ###
? #.g# ..####..###
..........# #........##
######...## #....#


You could see a gnoll.

Vanquished Creatures
  2 gnolls (D:2)
  A worm (D:2)
  A bat (D:1)
  4 giant cockroaches
  4 goblins (D:1)
  3 hobgoblins (D:1)
  5 jackals
  A rat (D:1)
21 creatures vanquished.

Notes
Turn   | Place    | Note
-------+----------+-------------------------------------------
     0 | D:1      | Mesmaeker13 the Octopode Earth Elementalist began the quest
                  | for the Orb.
     0 | D:1      | Reached XP level 1. HP: 11/11 MP: 3/3
   351 | D:1      | Reached XP level 2. HP: 14/17 MP: 5/5
  1017 | D:2      | Reached XP level 3. HP: 6/21 MP: 0/6
  1347 | D:2      | Slain by a gnoll

Levels and vault maps discovered:
D:1:      minmay_arrival_nine_rooms, layout_basic, minmay_crystal_room
D:2:      layout_loops_ring, regret_index_temple_of_mockery,
          lemuel_coloured_pillars_altar, lemuel_round_altar

Action                   || total
-------------------------++-------
Melee: Unarmed           ||    12
       Short sword       ||    34
       Constrict         ||    12
       Tentacles         ||     6
 Cast: Sandblast         ||    15
 Stab: Sleeping          ||     6
  Eat: Chunk             ||     1
Armor: Skin              ||     4
Dodge: Dodged            ||    34
